 Dungeon Crawl Stone Soup version 0.18-a0-1413-g4eaa9ac (webtiles) character file.

100 Ijustatesigmund the Insei (level 4, -4/30 HPs)
             Began as an Octopode Transmuter on Feb 25, 2016.
             Killed by divine providence
             ... invoked by an orc priest
              (16 damage)
             ... on level 3 of the Dungeon.
             The game lasted 00:09:15 (3348 turns).

Ijustatesigmund the Insei (Octopode Transmuter)     Turns: 3348, Time: 00:09:16

Health: -4/30      AC:  2    Str: 10    XL:     4   Next: 73%
Magic:  3/7        EV: 19    Int: 15    God:
Gold:   158        SH:  0    Dex: 17    Spells: 3 memorised, 1 level left

rFire  . . .     SeeInvis .       - Unarmed
rCold  . . .     Gourm    .     (shield currently unavailable)
rNeg   . . .     Faith    .     (helmet currently unavailable)
rPois  .         Spirit   .     (no amulet)
rElec  .         Dismiss  .     r - ring of poison resistance
rCorr  .         Reflect  .     (no ring)
SustAt .         Harm     .     (no ring)
MR     .....                    (no ring)
Stlth  ++........               (no ring)
                                (no ring)
                                (no ring)
                                (no ring)

@: spider-form, not resistant to hostile enchantments, unstealthy
A: almost no armour, amphibious, 8 rings, (constrict 8), (camouflage 0),
(gelatinous body 0)
a: End Transformation


You were on level 3 of the Dungeon.
You were not hungry.
You were a venomous arachnid creature.
You visited 1 branch of the dungeon, and saw 4 of its levels.

You collected 158 gold pieces.

Inventory:

Missiles
 a - 65 arrows
Armour
 o - a +0 buckler (melded)
Jewellery
 r - a ring of poison resistance (left front leg)
Scrolls
 f - 3 scrolls of random uselessness
 n - 2 scrolls of remove curse
Potions
 d - a potion of berserk rage
 e - a potion of curing
 g - a potion of ambrosia
 i - a potion of mutation {unknown}
 k - 2 potions of heal wounds {unknown}
 l - 2 potions of might {unknown}
 m - 2 potions of magic {unknown}
 q - 2 potions of agility {unknown}
Books
 b - a book of Changes

   Spells                             Type                      Level
   a - Beastly Appendage              Transmutation                1
   b - Sticks to Snakes               Transmutation                2
   c - Spider Form                    Transmutation/Poison         3
   d - Ice Form                       Ice/Transmutation            4
   e - Blade Hands                    Transmutation                5
Comestibles
 c - a bread ration
 h - 4 meat rations
 j - 2 chunks of flesh
 p - a slice of pizza


   Skills:
 - Level 2.8 Fighting
 - Level 2.0 Dodging
 + Level 2.2 Shields
 - Level 3.0 Unarmed Combat
 - Level 2.0 Spellcasting
 - Level 2.8 Transmutations
 - Level 0.2 Poison Magic


You had one spell level left.
You knew the following spells:

 Your Spells              Type           Power        Failure   Level  Hunger
a - Beastly Appendage     Trmt           #.....       24%         1    #......
b - Sticks to Snakes      Trmt           #.......     28%         2    ###....
c - Spider Form           Trmt/Pois      #.........   56%         3    ###....


Dungeon Overview and Level Annotations

Branches:
Dungeon (4/15)
 Temple: D:4-7

Altars:
Ashenzari
Ru
Yredelemnul


Innate Abilities, Weirdness & Mutations

You cannot wear most types of armour.
You are amphibious.
You can wear up to eight rings at the same time.
((You can use your tentacles to constrict eight enemies at once.))
((Your skin changes colour to match your surroundings (Stealth).))
((Your rubbery body absorbs attacks (AC +1).))


Message History

Your adder barely misses the orc priest.
The bat barely misses you.
You see here a club.
The bat closely misses you. The bat hits you but does no damage.
There is an open door here.
The bat hits you but does no damage.
Your adder bites the orc priest but does no damage.
Casting: Sticks to Snakes
Confirm with . or Enter, or press ? or * to list all spells.
You turn into a venomous arachnid creature.
Your +0 buckler melds into your body.
The bat hits you but does no damage.
The orc priest invokes the aid of Beogh against you.
Pain shoots through your body!
Your adder closely misses the orc priest.
The bat hits you but does no damage.
The orc throws a tomahawk.
The tomahawk closely misses your adder.
The tomahawk hits the orc priest.
The orc priest invokes the aid of Beogh against you.
Beogh smites you!
Ouch! That really hurt!
You die...

................#
.#.###...##.###..#
.....#####......)#
.#...........#...#
###.....######.# ..
#.....#..#...# #..#.
#.###.#..#...# #....
+ #..'......#
#....#########s....#
#.....+._#..'b.....#
#..#..#.###)#..#...#
##..#".#..So.#..#...#
..######.....########
##..#...o.......#
.......o#####......#
#.##.#..# ########
#...##


You could see an orc priest, an orc, a bat and a friendly adder.

Vanquished Creatures
  4 adders
  2 dart slugs
  2 giant geckos
  A ball python (D:1)
  8 bats
  3 giant cockroaches (D:2)
  9 goblins
  7 hobgoblins
  2 jackals (D:3)
  3 giant newts
  8 kobolds (D:2)
  9 rats
58 creatures vanquished.

Vanquished Creatures (collateral kills)
  A hobgoblin (D:2)
  A giant newt (D:1)
  A kobold (D:1)
3 creatures vanquished.

Grand Total: 61 creatures vanquished

Notes
Turn   | Place    | Note
--------------------------------------------------------------
     0 | D:1      | Ijustatesigmund the Octopode Transmuter began the quest for the Orb.
     0 | D:1      | Reached XP level 1. HP: 13/13 MP: 3/3
   312 | D:1      | Reached XP level 2. HP: 18/18 MP: 5/5
   316 | D:1      | Learned a level 2 spell: Sticks to Snakes
  1314 | D:2      | Reached XP level 3. HP: 21/25 MP: 2/6
  1698 | D:2      | Learned a level 3 spell: Spider Form
  1859 | D:2      | Found a basalt altar of Yredelemnul.
  2007 | D:2      | Found a shattered altar of Ashenzari.
  2208 | D:2      | Reached XP level 4. HP: 28/30 MP: 7/7
  2254 | D:2      | Reached skill level 1 in Shields
  3013 | D:3      | Found a faded altar to an unknown god.
  3333 | D:3      | Found a sacrificial altar of Ru.
  3348 | D:3      | Killed from afar by an orc priest

Vault maps used:
D:1:      eino_arrival_cavern_a
D:2:      lemuel_round_altar, amethyst_killhole, yredelemnul_altar_generic
D:3:      hangedman_ru_absence, ecumenical_altar_2
D:4:      nemelex_deck, lemuel_crystal_altar, kennysheep_nub, uniq_pikel

Skill      XL: |  1  2  3  4 |
---------------+-------------+-----
Fighting       | 2 |  2.8
Shields        | 2 |  2.2
Dodging        | |  2.0
Unarmed Combat | |  3.0
Spellcasting   | |  2.0
Transmutations | |  2.8
Poison Magic   | |  0.2

Action                   |  1- 3 |  4- 6 || total
-------------------------+-------+-------++-------
Melee: Unarmed           |    96 |    43 ||   139
 Cast: Sticks to Snakes  |     5 |     4 ||     9
       Beastly Appendage |     4 |     2 ||     6
       Spider Form       |       |     2 ||     2
  Use: Scroll            |     3 |     2 ||     5
       Potion            |       |     1 ||     1
 Stab: Sleeping          |     7 |     1 ||     8
  Eat: Chunk             |     3 |     2 ||     5
       Beef jerky        |     1 |       ||     1
       Royal jelly       |       |     1 ||     1
